 Dungeon Crawl Stone Soup version 0.22-a0-231-g1b571ea (webtiles) character file.

34638 Azzok the Covert (level 13, 0/99 HPs)
             Began as a Gnoll Enchanter on Feb 20, 2018.
             Was the Champion of Okawaru.
             Slain by a centaur warrior
             ... wielding a +0 mace
              (3 damage)
             ... on level 14 of the Dungeon.
             The game lasted 00:41:50 (17226 turns).

Azzok the Covert (Gnoll Enchanter)                 Turns: 17226, Time: 00:41:51

Health: 0/99       AC: 18    Str: 14    XL:     13   Next: 78%
Magic:  4/26       EV: 20    Int: 25    God:    Okawaru [******]
Gold:   232        SH:  7    Dex: 19    Spells: 22/31 levels left

rFire    + . .     SeeInvis +   a - +2 dagger (protect)
rCold    + + +     Gourm    .   T - +0 buckler
rNeg     . . .     Faith    .   Y - +1 robe {MR+}
rPois    +         Spirit   .   O - +0 helmet {Int+3}
rElec    .         Reflect  .   k - +0 cloak
rCorr    .         Harm     .   d - +1 pair of gloves {Str+3}
MR       +....                  D - +1 pair of boots
Stlth    +++++.....             U - amulet of Lies {RegenMP *Drain rPois rC++}
HPRegen  0.26/turn              m - ring of protection from cold
MPRegen  0.45/turn              Q - ring of Saatus {rPois rF+ Dex+3 SInv}

@: about to teleport, protection aura
A: distributed training, fangs 1, strong nose
a: Heroism, Finesse, Renounce Religion


You were on level 14 of the Dungeon.
You worshipped Okawaru.
Okawaru was exalted by your worship.
You were hungry.

You visited 2 branches of the dungeon, and saw 15 of its levels.
You also visited: Bailey.

You collected 779 gold pieces.
You spent 547 gold pieces at shops.

Inventory:

Hand Weapons
 a - a +2 dagger of protection (weapon)
 b - a +2 short sword of electrocution
Armour
 d - a +1 pair of gloves of strength (worn)
 j - a +2 helmet
 k - a +0 cloak (worn)
 D - a +1 pair of boots (worn)
 O - a +0 helmet of intelligence (worn)
 P - the +3 large shield "Xitok" {rElec Stlth+, unknown}
   (You found it on level 8 of the Dungeon)

   It insulates you from electricity.
   It makes you more stealthy.
 T - a +0 buckler (worn)
 Y - a +1 robe of magic resistance (worn)
Jewellery
 m - a ring of protection from cold (left hand)
 o - an uncursed ring of flight
 p - an uncursed ring of fire
 s - an uncursed ring of wizardry
 u - a cursed ring of loudness {unknown}
 v - an uncursed ring of ice
 F - an uncursed ring of wizardry
 Q - the ring of Saatus (right hand) {rPois rF+ Dex+3 SInv}
   (You found it on level 8 of the Dungeon)

   [ring of poison resistance]

   It affects your dexterity (+3).
   It protects you from fire.
   It protects you from poison.
   It lets you see invisible.
 U - the amulet of Lies (around neck) {RegenMP *Drain rPois rC++}
   (You bought it in a shop on level 10 of the Dungeon)

   [amulet of magic regeneration]

   It increases your magic regeneration.
   It greatly protects you from cold.
   It protects you from poison.
   It causes draining when unequipped.
Wands
 X - a wand of digging (5)
Scrolls
 e - 3 scrolls of enchant armour
 f - a scroll of summoning {unknown}
 l - 3 scrolls of immolation {unknown}
 q - 3 scrolls of magic mapping {unknown}
 t - 4 scrolls of fear {unknown}
 x - 4 scrolls of remove curse
 y - 8 scrolls of teleportation
 B - a scroll of torment {unknown}
 C - a scroll of acquirement {unknown}
 K - 2 scrolls of blinking {unknown}
 N - a scroll of identify
 S - a scroll of silence {unknown}
 Z - 2 scrolls of enchant weapon {unknown}
Potions
 g - 7 potions of curing
 h - 2 potions of resistance {unknown}
 i - a potion of cancellation {unknown}
 n - 2 potions of heal wounds {unknown}
 r - 2 potions of haste {unknown}
 w - 3 potions of flight {unknown}
 z - 2 potions of might {unknown}
 A - 3 potions of degeneration {unknown}
 E - 5 potions of brilliance {unknown}
 G - a potion of invisibility {unknown}
 H - a potion of agility {unknown}
 J - 3 potions of mutation {unknown}
 L - a potion of lignification {unknown}
 M - a potion of berserk rage {unknown}
 V - a potion of ambrosia {unknown}
Comestibles
 c - 24 rations


   Skills:
 + Level 8.4 Fighting
 + Level 8.9 Short Blades
 + Level 8.4 Long Blades
 + Level 8.4 Axes
 + Level 8.4 Maces & Flails
 + Level 8.4 Polearms
 + Level 8.4 Staves
 + Level 8.4 Slings
 + Level 8.4 Bows
 + Level 8.4 Crossbows
 + Level 8.4 Throwing
 + Level 8.4 Armour
 + Level 9.6 Dodging
 + Level 10.3 Stealth
 + Level 8.4 Shields
 + Level 8.4 Unarmed Combat
 + Level 9.8 Spellcasting
 + Level 7.0 Conjurations
 + Level 9.0 Hexes
 + Level 7.0 Charms
 + Level 7.0 Summonings
 + Level 7.0 Necromancy
 + Level 7.0 Translocations
 + Level 7.0 Transmutations
 + Level 7.0 Fire Magic
 + Level 7.0 Ice Magic
 + Level 7.0 Air Magic
 + Level 7.0 Earth Magic
 + Level 7.0 Poison Magic
 + Level 9.2 Invocations
 + Level 8.4 Evocations


You had 22 spell levels left.
You knew the following spells:

 Your Spells              Type           Power        Failure   Level  Hunger
a - Corona                Hex            ######.      1%          1    None
b - Ensorcelled Hibernat  Hex/Ice        ######       1%          2    None
c - Confuse               Hex            ######..     1%          3    None
d - Dazzling Spray        Conj/Hex       ######       1%          3    None


Dungeon Overview and Level Annotations

Branches:
Dungeon (14/15)            Temple (1/1) D:4            Lair (0/6) D:8
    Orc (0/2) D:11
 Vaults: D:13-14

Altars:
Ashenzari
Cheibriados
Dithmenos
Elyvilon
Fedhas
Gozag
Hepliaklqana
Kikubaaqudgha
Makhleb
Nemelex Xobeh
Okawaru
Qazlal
Ru
Sif Muna
Trog
Uskayaw
Vehumet
Wu Jian
Xom
Yredelemnul
Zin
The Shining One

Shops:
D:6 [   D:9 =   D:10 *   D:14 =*(


Innate Abilities, Weirdness & Mutations

Your experience applies equally to all skills.
You have very sharp teeth.
Your uncanny sense of smell can sniff out nearby items.


Message History

You are feeling hungry.
The centaur warrior drinks a potion.
The centaur warrior is healed!
The centaur warrior seems less confused.
You hit the centaur warrior but do no damage.
The centaur warrior is severely wounded.
You hit the centaur warrior but do no damage.
Your bite misses the centaur warrior.
The centaur warrior is severely wounded.
The centaur warrior closely misses you.
You barely miss the centaur warrior.
The centaur warrior is severely wounded.
The wizard points at you and mumbles some strange words.
The crystal spear hits you!
* * * LOW HITPOINT WARNING * * *
The centaur warrior hits you with an uncursed mace!
* * * LOW HITPOINT WARNING * * *
As you read the scroll of teleportation, it crumbles to dust.
You feel strangely unstable.
The wizard's soul is no longer bound.
The centaur warrior hits you with an uncursed mace.
You die...

··)([·▒▒ ▒·▒▒ >···▒▒▒
▒((▒ ··▒▒▒ ▒▒(▒ ·▒▒▒▒
▒(▒ ····▒▒▒▒
▒▒▒▒▒▒)▒▒▒▒ ····'···
▒····)))··▒▒ ·8··▒▒▒·
············▒ ⌠···▒
▒▒▒▒▒▒p''▒▒·▒ ·8··▒
····▒·@··(▒·▒ ⌠···▒
·····'·)c··▒·▒ ·8▒▒▒
··⌠··'··⌠··▒·▒ ··▒
·····'·····▒·▒ ▒·▒▒▒▒
·▒·····▒·····▒·▒
▒····▒▒·▒▒'''▒▒▒▒▒▒▒▒·▒
▒▒▒▒·▒▒·▒···· ∆▒·▒
▒▒▒▒·▒▒·▒··· ∆▒·▒
<·····▒·▒ ▒·▒


You could see a centaur warrior and a wizard.

Vanquished Creatures
  2 vault guards (D:14)
  A centaur warrior (D:13)
  6 two-headed ogres
  Sonja (D:12)
  4 skeletal warriors (D:12)
  6 unseen horrors
  A wizard (D:14)
  2 necromancers (D:14)
  3 deep elf magi
  A cyclops (D:11)
  2 manticores (D:11)
  2 ugly things
  4 centaur zombies
  3 gargoyles
  2 kobold demonologists (D:14)
  A komodo dragon (D:11)
  A freezing wraith (D:14)
  3 meliai (D:14)
  Grinder (D:3)
  5 trolls
  2 hornets
  3 slime creatures
  3 hippogriffs
  2 vampires
  2 wyverns
  20 humans
  4 yaks (D:12)
  4 vampire mosquitoes
  A steam dragon (D:10)
  A water moccasin (D:10)
  2 acid dragons
  Purgy (D:4)
  9 orc warriors
  3 black bears
  An ice beast (D:11)
  6 sky beasts
  3 phantoms
  9 ogres
  11 centaurs
  A crocodile (D:12)
  6 big kobolds
  Blork the orc (D:4)
  8 bullfrogs
  A gnoll sergeant (D:8)
  4 wyvern zombies
  2 wyvern skeletons
  A water moccasin skeleton (D:9)
  6 scorpions
  9 wights
  An electric eel (D:8)
  10 crimson imps
  A quasit (D:10)
  2 bullfrog zombies (D:10)
  4 centaur skeletons
  A jelly (D:10)
  2 bullfrog skeletons (D:13)
  10 hounds
  2 gnoll shamans (D:7)
  7 orc priests
  12 orc wizards
  2 iguanas
  7 worker ants
  2 hound skeletons
  2 worker ant zombies
  A howler monkey zombie (D:6)
  A howler monkey skeleton (D:4)
  18 gnolls
  8 adders
  5 shadow imps
  2 oozes
  2 adder skeletons
  5 worms
  A dart slug (D:2)
  3 leopard geckos
  34 orcs
  8 bats
  4 giant cockroaches
  7 goblins
  9 hobgoblins
  10 jackals
  22 kobolds
  5 quokkas
  A ball python (D:2)
  9 frilled lizards
  A jackal skeleton (D:7)
  A leopard gecko skeleton (D:5)
  A quokka skeleton (D:4)
  9 rats
409 creatures vanquished.

Vanquished Creatures (others)
  A hound (D:10)
  2 fungi (D:7)
3 creatures vanquished.

Grand Total: 412 creatures vanquished

Notes
Turn   | Place    | Note
-------+----------+-------------------------------------------
     0 | D:1      | Azzok the Gnoll Enchanter began the quest for the Orb.
     0 | D:1      | Reached XP level 1. HP: 13/13 MP: 6/6
   155 | D:1      | Reached XP level 2. HP: 20/20 MP: 7/7
   159 | D:1      | Learned a level 2 spell: Ensorcelled Hibernation
   494 | D:1      | Reached XP level 3. HP: 12/25 MP: 9/9
   680 | D:1      | Reached skill level 5 in Spellcasting
  1182 | D:2      | Reached skill level 6 in Stealth
  1330 | D:2      | Reached skill level 1 in Invocations
  1533 | D:2      | Found a deep blue altar of Sif Muna.
  1625 | D:2      | Reached skill level 1 in Fighting
  1625 | D:2      | Reached skill level 1 in Long Blades
  1625 | D:2      | Reached skill level 1 in Axes
  1625 | D:2      | Reached skill level 1 in Maces & Flails
  1625 | D:2      | Reached skill level 1 in Polearms
  1625 | D:2      | Reached skill level 1 in Staves
  1625 | D:2      | Reached skill level 1 in Slings
  1625 | D:2      | Reached skill level 1 in Bows
  1625 | D:2      | Reached skill level 1 in Crossbows
  1625 | D:2      | Reached skill level 1 in Throwing
  1625 | D:2      | Reached skill level 1 in Armour
  1625 | D:2      | Reached skill level 1 in Shields
  1625 | D:2      | Reached skill level 1 in Unarmed Combat
  1625 | D:2      | Reached skill level 1 in Evocations
  1655 | D:2      | Reached XP level 4. HP: 29/32 MP: 11/11
  2315 | D:3      | Reached skill level 1 in Conjurations
  2315 | D:3      | Reached skill level 1 in Charms
  2315 | D:3      | Reached skill level 1 in Summonings
  2315 | D:3      | Reached skill level 1 in Necromancy
  2315 | D:3      | Reached skill level 1 in Translocations
  2315 | D:3      | Reached skill level 1 in Transmutations
  2315 | D:3      | Reached skill level 1 in Fire Magic
  2315 | D:3      | Reached skill level 1 in Ice Magic
  2315 | D:3      | Reached skill level 1 in Air Magic
  2315 | D:3      | Reached skill level 1 in Earth Magic
  2315 | D:3      | Reached skill level 1 in Poison Magic
  2525 | D:3      | Noticed Grinder
  2533 | D:3      | Learned a level 3 spell: Confuse
  2537 | D:3      | Learned a level 3 spell: Dazzling Spray
  2560 | D:3      | Killed Grinder
  2560 | D:3      | Reached skill level 5 in Dodging
  2560 | D:3      | Reached XP level 5. HP: 22/38 MP: 4/12
  2560 | D:3      | Reached XP level 6. HP: 26/44 MP: 4/14
  2906 | D:3      | Found a basalt altar of Yredelemnul.
  3205 | D:4      | Noticed Blork the orc
  3388 | D:4      | Noticed Purgy
  3412 | D:4      | Killed Blork the orc
  3414 | D:4      | Killed Purgy
  3414 | D:4      | Reached XP level 7. HP: 26/50 MP: 4/15
  3742 | D:4      | Found a staircase to the Ecumenical Temple.
  3838 | Temple   | Entered the Ecumenical Temple
  4938 | D:5      | Entered Level 5 of the Dungeon
  5087 | D:5      | Reached XP level 8. HP: 36/57 MP: 6/16
  5986 | D:6      | Found Kianlani's Armour Emporium.
  6053 | D:6      | Found a sacrificial altar of Ru.
  6258 | D:6      | Reached skill level 7 in Stealth
  6464 | D:6      | Found a white marble altar of Elyvilon.
  6746 | D:6      | Got a heavily jewelled robe
  6747 | D:6      | Identified the +2 robe "Miun" {Str-4 Int+7 Dex+3} (You found it on level 6 of the Dungeon)
  7135 | D:7      | Reached XP level 9. HP: 65/65 MP: 18/18
  7209 | D:7      | Found an iron altar of Okawaru.
  7224 | D:7      | Found a glowing silver altar of Zin.
  7228 | D:7      | Became a worshipper of Warmaster Okawaru
  8179 | D:7      | Reached skill level 5 in Short Blades
  8191 | D:7      | Reached * piety under Okawaru
  8756 | D:8      | Reached skill level 5 in Invocations
  9006 | D:8      | Found a flagged portal.
  9015 | Bailey   | Entered a bailey
  9518 | Bailey   | Found a bloodstained altar of Trog.
  9527 | Bailey   | Reached XP level 10. HP: 72/73 MP: 17/20
  9535 | Bailey   | Reached ** piety under Okawaru
  9682 | D:8      | Got a heavily runed large shield
  9898 | D:8      | Got a faintly glowing ivory ring
  9932 | D:8      | Identified the ring of Saatus {rPois rF+ Dex+3 SInv} (You found it on level 8 of the Dungeon)
 10121 | D:8      | Found a staircase to the Lair.
 10378 | D:9      | Found Eruog's Jewellery Boutique.
 10402 | D:9      | Found an ornate altar of the Wu Jian Council.
 10436 | D:9      | Noticed a two-headed ogre
 10446 | D:9      | Noticed a two-headed ogre
 10447 | D:9      | Killed a two-headed ogre
 10447 | D:9      | Reached skill level 5 in Fighting
 10447 | D:9      | Reached skill level 5 in Long Blades
 10447 | D:9      | Reached skill level 5 in Axes
 10447 | D:9      | Reached skill level 5 in Maces & Flails
 10447 | D:9      | Reached skill level 5 in Polearms
 10447 | D:9      | Reached skill level 5 in Staves
 10447 | D:9      | Reached skill level 5 in Slings
 10447 | D:9      | Reached skill level 5 in Bows
 10447 | D:9      | Reached skill level 5 in Crossbows
 10447 | D:9      | Reached skill level 5 in Throwing
 10447 | D:9      | Reached skill level 5 in Armour
 10447 | D:9      | Reached skill level 8 in Stealth
 10447 | D:9      | Reached skill level 5 in Shields
 10447 | D:9      | Reached skill level 5 in Unarmed Combat
 10447 | D:9      | Reached skill level 5 in Evocations
 10455 | D:9      | Killed a two-headed ogre
 10455 | D:9      | Reached *** piety under Okawaru
 10864 | D:10     | Entered Level 10 of the Dungeon
 10864 | D:10     | Found Dicemiro's Assorted Antiques.
 10869 | D:10     | Bought a twitching ruby amulet for 165 gold pieces
 10869 | D:10     | Identified the amulet of Lies {RegenMP *Drain rPois rC++} (You bought it in a shop on level 10 of the Dungeon)
 10889 | D:10     | Noticed an unseen horror
 10896 | D:10     | Killed an unseen horror
 10915 | D:10     | Noticed a two-headed ogre
 10921 | D:10     | Killed a two-headed ogre
 10921 | D:10     | Reached **** piety under Okawaru
 10921 | D:10     | Received a gift from Okawaru
 10921 | D:10     | Reached XP level 11. HP: 81/81 MP: 19/22
 10945 | D:10     | Noticed a two-headed ogre
 10998 | D:10     | Killed a two-headed ogre
 10998 | D:10     | Reached skill level 5 in Conjurations
 10998 | D:10     | Reached skill level 5 in Charms
 10998 | D:10     | Reached skill level 5 in Summonings
 10998 | D:10     | Reached skill level 5 in Necromancy
 10998 | D:10     | Reached skill level 5 in Translocations
 10998 | D:10     | Reached skill level 5 in Transmutations
 10998 | D:10     | Reached skill level 5 in Fire Magic
 10998 | D:10     | Reached skill level 5 in Ice Magic
 10998 | D:10     | Reached skill level 5 in Air Magic
 10998 | D:10     | Reached skill level 5 in Earth Magic
 10998 | D:10     | Reached skill level 5 in Poison Magic
 11118 | D:10     | Noticed a two-headed ogre
 11123 | D:10     | Killed a two-headed ogre
 11123 | D:10     | Reached ***** piety under Okawaru
 11239 | D:10     | Noticed an unseen horror
 11243 | D:10     | Killed an unseen horror
 11685 | D:10     | Received a gift from Okawaru
 12272 | D:11     | Reached skill level 9 in Stealth
 12476 | D:11     | Found a staircase to the Orcish Mines.
 12519 | D:11     | Noticed an unseen horror
 12531 | D:11     | Killed an unseen horror
 12799 | D:11     | Reached XP level 12. HP: 87/89 MP: 17/24
 13226 | D:11     | Received a gift from Okawaru
 14088 | D:12     | Noticed Sonja
 14102 | D:12     | Killed Sonja
 15175 | D:13     | Noticed a centaur warrior
 15179 | D:13     | Killed a centaur warrior
 15267 | D:13     | Reached ****** piety under Okawaru
 15346 | D:13     | Reached XP level 13. HP: 93/98 MP: 16/26
 15629 | D:14     | Found a hide-covered altar of Uskayaw.
 15629 | D:14     | Found Lijif's Weapon Shoppe.
 15640 | D:14     | Bought a +2 short sword of electrocution for 312 gold pieces
 15964 | D:13     | Received a gift from Okawaru
 16063 | D:13     | Reached skill level 10 in Stealth
 16114 | D:14     | Found an ornate altar of the Wu Jian Council.
 16211 | D:14     | Received a gift from Okawaru
 16515 | D:14     | Found Totobru's Jewellery Shop.
 16567 | D:14     | Got a warped robe
 16568 | D:14     | Identified the +1 robe "Xorotihu" {Str+4} (You found it on level 14 of the Dungeon)
 16828 | D:14     | Noticed a vault guard
 16836 | D:14     | Killed a vault guard
 16877 | D:14     | Noticed a vault guard
 16885 | D:14     | Killed a vault guard
 17143 | D:14     | Found Zoweab's General Store.
 17150 | D:14     | Bought a scroll of teleportation for 42 gold pieces
 17150 | D:14     | Bought a scroll of identify for 28 gold pieces
 17225 | D:14     | HP: 3/99 [centaur warrior/uncursed mace (11)]
 17226 | D:14     | Slain by a centaur warrior

Vault maps used:
D:1:      lightli_iron_boxes, grunt_decor_arrowhead, minmay_misc_feat_tower,
          nrook_mini_vaults, minivault_4
D:2:      kb_forest_paths, led_sif_pool, hangedman_decor_slide_cut
D:3:      lemuel_coloured_pillars_altar, uniq_grinder
D:4:      minmay_temple_entry_statues, moated_statue, uniq_purgy,
          uniq_blork_the_orc
D:5:      first_ration
D:6:      kennysheep_mini, serial_shops, nicolae_shop_crystal, elyvilon_altar_4
D:7:      kennysheep_seaside_town, grunt_temple_overflow_open,
          kennysheep_cluttered_room
D:8:      lair_entry_dummy, enter_bailey_2
D:9:      lemuel_crystal_altar, serial_shops, nicolae_shop_statue_plus,
          grunt_pizzeria
D:10:     cheibrodos_ideogram_h, serial_shops, shop_fountains
D:11:     orc_0_dummy, st_stairs_1
D:12:     uniq_sonja
D:14:     grunt_vaults_entry_tiered, basic_altar, serial_shops, shop,
          nicolae_shop_temple_entry_statues_fountains, shop,
          lemuel_crystal_altar
Temple:   eino_temple_rhombus
Bailey:   bailey_axe_3, bailey

Skill      XL: |  1  2  3  4  5  6  7  8  9 10 11 12 13 |
---------------+----------------------------------------+-----
Spellcasting   | 5 6 7 8 9 |  9.8
Stealth        | 6 7 8 9 10 | 10.3
Invocations    | 1 2 3 4 5 6 7 8 9 |  9.2
Fighting       | 1 2 3 4 5 6 7 8 |  8.4
Long Blades    | 1 2 3 4 5 6 7 8 |  8.4
Axes           | 1 2 3 4 5 6 7 8 |  8.4
Maces & Flails | 1 2 3 4 5 6 7 8 |  8.4
Polearms       | 1 2 3 4 5 6 7 8 |  8.4
Staves         | 1 2 3 4 5 6 7 8 |  8.4
Slings         | 1 2 3 4 5 6 7 8 |  8.4
Bows           | 1 2 3 4 5 6 7 8 |  8.4
Crossbows      | 1 2 3 4 5 6 7 8 |  8.4
Throwing       | 1 2 3 4 5 6 7 8 |  8.4
Armour         | 1 2 3 4 5 6 7 8 |  8.4
Shields        | 1 2 3 4 5 6 7 8 |  8.4
Unarmed Combat | 1 2 3 4 5 6 7 8 |  8.4
Evocations     | 1 2 3 4 5 6 7 8 |  8.4
Conjurations   | 1 2 3 4 5 6 7 |  7.0
Charms         | 1 2 3 4 5 6 7 |  7.0
Summonings     | 1 2 3 4 5 6 7 |  7.0
Necromancy     | 1 2 3 4 5 6 7 |  7.0
Translocations | 1 2 3 4 5 6 7 |  7.0
Transmutations | 1 2 3 4 5 6 7 |  7.0
Fire Magic     | 1 2 3 4 5 6 7 |  7.0
Ice Magic      | 1 2 3 4 5 6 7 |  7.0
Air Magic      | 1 2 3 4 5 6 7 |  7.0
Earth Magic    | 1 2 3 4 5 6 7 |  7.0
Poison Magic   | 1 2 3 4 5 6 7 |  7.0
Short Blades   | 3 4 5 6 7 8 |  8.9
Dodging        | 5 6 7 8 9 |  9.6
Hexes          | 6 7 8 9 |  9.0

Action                   |  1- 3 |  4- 6 |  7- 9 | 10-12 | 13-15 || total
-------------------------+-------+-------+-------+-------+-------++-------
Melee: Dagger            |   130 |    68 |   214 |   453 |   173 ||  1038
       Bite              |     8 |     2 |    11 |    53 |    13 ||    87
       Punch             |       |       |     3 |     1 |       ||     4
 Cast: Ensorcelled Hiber |     9 |    20 |   108 |   136 |   111 ||   384
       Confuse           |       |     6 |    30 |    65 |    31 ||   132
       Corona            |       |     1 |     1 |       |       ||     2
  Use: Scroll            |       |       |     1 |     9 |     2 ||    12
 Stab: Sleeping          |    19 |    22 |    86 |    93 |    63 ||   283
       Confused          |       |     3 |     8 |    44 |    17 ||    72
       Distracted        |       |       |       |       |     1 ||     1
  Eat: Chunk             |     2 |     6 |    18 |    17 |     2 ||    45
       Ration            |       |       |     1 |       |     1 ||     2
Armor: Robe              |    18 |     9 |    18 |    58 |    40 ||   143
Dodge: Dodged            |    74 |    48 |   145 |   272 |   158 ||   697
Block: Buckler           |       |       |       |    80 |    96 ||   176

Table legend:
 A = Spawn XP
 B = Non-spawn XP
 C = Spawn XP percentage of total XP
 D = Spawn monster count
 E = Non-spawn monster count
 F = Spawn count percentage of total count
 G = Total turns spent on level
                    A         B        C        D         E        F      G
               +---------+---------+-------+---------+---------+-------+---------
         Total |       0 |   49484 |   0.0 |       0 |     409 |   0.0 | 17226
               +---------+---------+-------+---------+---------+-------+---------
           D:1 |       0 |      42 |   0.0 |       0 |      23 |   0.0 |  1151
           D:2 |       0 |      65 |   0.0 |       0 |      32 |   0.0 |  1132
           D:3 |       0 |     356 |   0.0 |       0 |      13 |   0.0 |  1085
           D:4 |       0 |     560 |   0.0 |       0 |      23 |   0.0 |  1422
           D:5 |       0 |     425 |   0.0 |       0 |      16 |   0.0 |   872
           D:6 |       0 |     665 |   0.0 |       0 |      15 |   0.0 |  1046
           D:7 |       0 |    2021 |   0.0 |       0 |      43 |   0.0 |  1723
           D:8 |       0 |     425 |   0.0 |       0 |      13 |   0.0 |   959
           D:9 |       0 |    3104 |   0.0 |       0 |      21 |   0.0 |   692
          D:10 |       0 |    7872 |   0.0 |       0 |      39 |   0.0 |  1359
          D:11 |       0 |    5611 |   0.0 |       0 |      32 |   0.0 |  1543
          D:12 |       0 |    6424 |   0.0 |       0 |      26 |   0.0 |   964
          D:13 |       0 |    5263 |   0.0 |       0 |      26 |   0.0 |  1063
          D:14 |       0 |   16218 |   0.0 |       0 |      71 |   0.0 |  1433
        Bailey |       0 |     433 |   0.0 |       0 |      16 |   0.0 |   634
               +---------+---------+-------+---------+---------+-------+---------
